AoeStats
← Galoppus2

Arabia

508274891Analyzed
1v1 RM · 11d ago on Sep 21, 2026· 26m 14s· 2 players
Game mode
Random Map
Map size
Tiny (2 player)
Population
200
Speed
Normal
Resources
Standard
Victory
Conquest
Starting age
Dark Age
Ending age
Imperial Age
RankedLock teamsTeams togetherTeam positionsShared explorationLock speedFull tech treeHidden civsTurbo modeCheats
Victory
Defeat
🇩🇪 Jurchens · Germany
1243
+15
🇩🇪 Hindustanis · Germany
1216
-15
[KoM] SirFreddi
6:06 Loom
8:45 Feudal Age
9:29 Double-Bit Axe
19:19 Horse Collar
23:31 Castle Age
22:48 Forging
22:58 Scale Barding Armor
23:05 Bloodlines
Galoppus2
6:32 Loom
9:05 Feudal Age
9:21 Man-at-Arms
11:19 Arson
12:54 Double-Bit Axe
20:17 Castle Age
19:37 Bloodlines
20:37 Wheelbarrow
22:11 Bow Saw
23:59 Scale Barding Armor
Connection lost

Rejoining the realm…

Still unreachable

The connection could not be restored.

Session expired

The server has moved on; the page needs a fresh start.